 Dungeon Crawl Stone Soup version 0.31-a0-960-g0fca184906 (webtiles) character file.

Game seed: 3394430216140554531

110 Gladio the Ducker (level 4, 0/33 HPs)
             Began as an Octopode Fighter on Oct 23, 2023.
             Slain by Natasha (4 damage)
             ... on level 2 of the Dungeon.
             The game lasted 00:01:33 (1122 turns).

Gladio the Ducker (Octopode Fighter)                Turns: 1122, Time: 00:01:34

Health: 0/33       AC:  1    Str: 15    XL:     4   Next: 91%
Magic:  4/4        EV: 13    Int: 10    God:
Gold:   69         SH:  4    Dex: 13    Spells: 3/3 levels left

rFire   . . .        a - +0 long sword
rCold   . . .        b - +0 buckler
rNeg    . . .        (helmet restricted)
rPois   .            (no amulet)
rElec   .            (no ring)
rCorr   .            (no ring)
SInv    .            (no ring)
Will    .....        (no ring)
Stlth   ++           (no ring)
HPRegen 0.25/turn    (no ring)
MPRegen 0.09/turn    (no ring)
                     (no ring)

%: no passive effects
@: slowed, very slow
A: almost no armour, amphibious, 8 rings, camouflage 1, gelatinous body 1,
(nimble swimmer 1), tentacles
a: no special abilities


You were on level 2 of the Dungeon.
You visited 1 branch of the dungeon, and saw 2 of its levels.

You collected 69 gold pieces.

Inventory:

Hand Weapons
 a - a +0 long sword (weapon)
Missiles
 f - 6 poisoned darts (quivered)
Armour
 b - a +0 buckler (worn)
Scrolls
 d - a scroll of noise {unknown}
 e - a scroll of enchant armour {unknown}
 k - a scroll of identify {unknown}
 m - a scroll of amnesia {unknown}
 n - a scroll of fog {unknown}
 o - a scroll of blinking {unknown}
Potions
 c - a potion of might
 g - 2 potions of curing {unknown}
 h - a potion of mutation {unknown}
 i - a potion of enlightenment {unknown}
 j - 3 potions of resistance {unknown}
 l - a potion of heal wounds {unknown}


   Skills:
 + Level 3.7 Fighting
 * Level 3.7 Long Blades
 + Level 3.7 Dodging
 - Level 3.0 Shields


You had 3 spell levels left.
You didn't know any spells.
Your spell library contained the following spells:

 Spells                   Type           Power      Damage    Failure   Level
 Dazzling Flash           Conj/Hex       0%         N/A       83%         3
 Volatile Blastmotes      Fire/Tloc      0%         2d10      83%         3
 Starburst                Conj/Fire      0%         6d3       100%        6
 Maxwell's Capacitive Co  Air            0%         ∞         100%        8


Dungeon Overview and Level Annotations

Branches:
Dungeon (2/15)

Altars:

Shops:
D:2 (

Annotations:
D:2 Natasha


Innate Abilities, Weirdness & Mutations

You cannot wear most types of armour.
You are amphibious.
You can wear up to eight rings at the same time.
Your skin changes colour to match your surroundings (Stealth+).
Your rubbery body absorbs attacks. (AC +1, EV +1)
((You are camouflaged when in or above water. (Stealth+)))
You have tentacles for arms and can constrict up to eight enemies at once.


Message History

Jessica the Apprentice Sorceress comes into view.
She is wielding a +0 dagger and carrying a wand of flame.
Jessica is nearby!
A frilled lizard comes into view.
Found a twisted pearl ring and a bronze wand.
Found a stone staircase leading down.
Natasha, Servant of Life and Death comes into view.
Found 13 gold pieces.
Jessica shouts!
Natasha hisses angrily.
Natasha mumbles some strange words.
Natasha's front paws start to glow.
Natasha stares at you and mumbles some strange words.
The magic dart hits you! Jessica gestures at you while chanting.
You barely resist. Jessica hits you with a +0 dagger.
You hit Jessica. Your grab misses Jessica.
Jessica is moderately wounded.
Jessica barely misses you.
Jessica points at you and mumbles some strange words.
You feel yourself slow down.
You barely miss Jessica. You grab Jessica.
Jessica is moderately wounded.
You constrict Jessica. Jessica hits you with a +0 dagger.
Jessica gestures wildly while chanting.
Jessica struggles to blink free from constriction.
You slash Jessica!
You kill Jessica!
You closely miss the frilled lizard. Your grab misses the frilled lizard.
The frilled lizard misses you.
You barely miss Natasha. Your grab misses Natasha. Your squeeze misses Natasha.
Natasha claws you! Natasha barely misses you.
You are too injured to fight recklessly!
You are too injured to fight recklessly!
You closely miss Natasha. Your grab misses Natasha. Natasha claws you!
* * * LOW HITPOINT WARNING * * *
You slash Natasha! Your grab misses Natasha.
Natasha is heavily wounded.
Natasha claws you.
You die...
Natasha begins licking her fur clean.

.$..... ....... .......
....... ...>...
############ ...$...
#..........#######
.......##..........#.[#...
.=..$..lh..........#.....>
./......#@..........#.∩.#.
...l....##.##..#####......
........##....[.##########
..............#...# #.###
........#####.#...####.#..
.......## #.#......)...#
......# #.#...####.### ...
#.#...####.##. #..#
#.#####.......


You could see Natasha and a frilled lizard.

Vanquished Creatures
  Jessica (D:2)
  Natasha (twice) (D:2)
  An adder (D:2)
  2 ball pythons
  2 endoplasms
  4 goblins
  A hobgoblin (D:1)
  6 jackals
  A bat (D:1)
  2 frilled lizards (D:1)
  4 kobolds
  2 rats
28 creatures vanquished.

Notes
Turn   | Place    | Note
-------+----------+-------------------------------------------
     0 | D:1      | Gladio the Octopode Fighter began the quest for the Orb.
     0 | D:1      | Reached XP level 1. HP: 16/16 MP: 1/1
   178 | D:1      | Reached XP level 2. HP: 17/21 MP: 2/2
   687 | D:2      | Reached XP level 3. HP: 26/26 MP: 3/3
   798 | D:2      | Noticed Natasha
   804 | D:2      | Killed Natasha
   805 | D:2      | Reached XP level 4. HP: 19/31 MP: 4/4
   896 | D:2      | Noticed Natasha
   902 | D:2      | Killed Natasha
  1090 | D:2      | Found Goofedum's Weapon Boutique.
  1105 | D:2      | Noticed Jessica
  1107 | D:2      | Noticed Natasha
  1118 | D:2      | Killed Jessica
  1122 | D:2      | Slain by Natasha

Illustrated notes

Levels and vault maps discovered:
D:1:      dpeg_arrival_round_b, layout_loops_ring,
          wander_ebering_terrifying_dragon_lair
D:2:      layout_rooms, serial_shops, nicolae_shop_stone,
          kennysheep_generic_room_7, uniq_crazy_yiuf_cottage, uniq_natasha,
          uniq_jessica

Skill      XL: |  1  2  3 |
---------------+----------+-----
Long Blades    | 3 |  3.7
Fighting       | |  3.7
Dodging        | |  3.7
Shields        | |  3.0

Action                     |  1- 3 |  4- 6 || total
---------------------------+-------+-------++-------
  Melee: Long sword        |    48 |    15 ||    63
         Constrict         |    14 |     4 ||    18
         Tentacles         |     8 |     1 ||     9
         Punch             |     1 |       ||     1
   Stab: Sleeping          |     5 |       ||     5
 Armour: Skin              |    20 |     9 ||    29
  Dodge: Dodged            |    25 |     6 ||    31
  Block: Buckler           |     9 |       ||     9

Table legend: (Time is in decaauts)
 A = Elapsed time spent in this place.
 B = Non-inter-level travel time spent in this place.
 C = Inter-level travel time spent in this place.
 D = Time resting spent in this place.
 E = Time spent auto-exploring this place.
 F = Levels seen in this place.
 G = Mean time per level.
                   A        B        C        D        E       F      G
               +--------+--------+--------+--------+--------+-----+--------+
         Total |   1151 |   1100 |     51 |      0 |    911 |   2 |  575.5 |
       Dungeon |   1151 |   1100 |     51 |      0 |    911 |   2 |  575.5 |
               +--------+--------+--------+--------+--------+-----+--------+

Top non-repeatable levels by time:
     D:1: 690 daAuts
     D:2: 461 daAuts
